 Dungeon Crawl Stone Soup version 0.30-a0-782-ge64f9170bb (webtiles) character file.

Game seed: 64016203193752006

15946 Anon1729 the Fighter (level 12, -2/116 HPs)
             Began as a Minotaur Monk on Feb 21, 2023.
             Was an Initiate of Gozag.
             Slain by a skeletal warrior
             ... wielding a +0 scimitar
              (13 damage)
             ... on level 11 of the Dungeon.
             The game lasted 00:15:21 (14072 turns).

Anon1729 the Fighter (Minotaur Monk)               Turns: 14072, Time: 00:15:22

Health: -2/116     AC: 12    Str: 19    XL:     12   Next: 5%
Magic:  11/11      EV: 12    Int:  7    God:    Gozag
Gold:   1207       SH:  0    Dex: 15    Spells: 11/11 levels left

rFire   . . .      SeeInvis .    D - +0 war axe
rCold   . . .      Faith    .    (no shield)
rNeg    . . .      Spirit   .    w - +0 chain mail
rPois   .          Reflect  .    (helmet restricted)
rElec   .          Harm     .    (no cloak)
rCorr   .          Rampage  .    (no gloves)
Will    .....                    (no boots) Stlth
                                 (no amulet)
HPRegen 1.19/turn                (no ring)
MPRegen 0.12/turn                (no ring)

@: mighty, gold aura, hasted, studying Fighting, very quick
A: horns 2, retaliatory headbutt, regeneration 1
a: Renounce Religion, Potion Petition, Call Merchant, Bribe Branch


You were on level 11 of the Dungeon.
You worshipped Gozag.
Gozag was most pleased with you.
You visited 1 branch of the dungeon, and saw 12 of its levels.

You collected 2949 gold pieces.
You paid 1742 gold pieces to Gozag.

Inventory:

Hand Weapons
 a - a +0 hand axe
 q - the +1 whip "Xausavim" {speed, rCorr Int+2 Dex+4 Stlth+}
   (You found it on level 9 of the Dungeon)

   Int:       It affects your intelligence (+2).
   Dex:       It affects your dexterity (+4).
   rCorr:     It protects you from acid and corrosion.
   Stlth:     It makes you more stealthy.
 D - a +0 war axe (weapon)
Missiles
 n - 3 throwing nets (quivered)
Armour
 b - a +0 robe
 f - a +0 scale mail
 k - a +1 ring mail of poison resistance
 p - the +2 helmet of Foolhardiness {rN+ Str+3 Dex+3 SInv}
   (You took it off Robin on level 2 of the Dungeon)

   Str:       It affects your strength (+3).
   Dex:       It affects your dexterity (+3).
   rN:        It protects you from negative energy.
   SInv:      It lets you see invisible.
 w - a +0 chain mail (worn)
 I - the +0 pair of boots of Freezing Mirth {rElec}
   (You acquired it on level 10 of the Dungeon)

   rElec:     It insulates you from electricity.
Jewellery
 g - a ring of magical power
 s - a ring of ice
 E - a ring of magical power
Wands
 l - a wand of mindburst (16)
 F - a wand of flame (15)
 G - a wand of paralysis (2)
 N - a wand of roots (13)
Scrolls
 c - a scroll of brand weapon
 d - 5 scrolls of fog
 h - 2 scrolls of enchant armour {unknown}
 i - 2 scrolls of amnesia
 m - 4 scrolls of noise
 o - 2 scrolls of fear
 r - 4 scrolls of blinking
 t - 7 scrolls of vulnerability
 u - 4 scrolls of teleportation
 y - a scroll of summoning
 B - a scroll of immolation {unknown}
 C - 2 scrolls of enchant weapon
 H - a scroll of poison {unknown}
 M - 2 scrolls of identify
Potions
 e - 4 potions of attraction
 j - a potion of might
 v - a potion of brilliance {unknown}
 x - 4 potions of mutation
 z - 4 potions of degeneration
 A - 2 potions of flight
 J - 2 potions of haste
 K - 3 potions of curing
 L - a potion of lignification
 O - a potion of ambrosia


   Skills:
 + Level 13.6 Fighting
 + Level 12.3 Axes
 + Level 11.7 Armour
 + Level 11.4 Dodging
 - Level 1.5 Stealth


You had 11 spell levels left.
You didn't know any spells.
Your spell library contained the following spells:

 Spells                   Type           Power      Damage    Failure   Level
 Beastly Appendage        Tmut           0%         N/A       97%         1
 Kiss of Death            Conj/Necr      0%         2d5       97%         1
 Magic Dart               Conj           0%         1d3       97%         1
 Summon Small Mammal      Summ           0%         N/A       97%         1
 Searing Ray              Conj           0%         2d4       99%         2
 Sublimation of Blood     Necr           0%         N/A       99%         2
 Wereblood                Tmut           0%         N/A       99%         2
 Call Canine Familiar     Summ           0%         N/A       100%        3
 Confusing Touch          Hex            0%         N/A       100%        3
 Spider Form              Tmut/Pois      0%         N/A       100%        3
 Summon Guardian Golem    Hex/Summ       0%         N/A       100%        3
 Dispel Undead            Necr           0%         3d6       100%        4
 Fulminant Prism          Conj/Hex       0%         3d5       100%        4
 Malign Gateway           Summ/Tloc      0%         N/A       100%        7
 Summon Hydra             Summ           0%         N/A       100%        7
 Summon Horrible Things   Summ           0%         N/A       100%        8


Dungeon Overview and Level Annotations

Branches:
Dungeon (12/15)            Temple (0/1) D:4            Lair (0/5) D:11
    Orc (0/2) D:10

Altars:
Dithmenos
Fedhas
Gozag
Hepliaklqana
Kikubaaqudgha
Nemelex Xobeh
Okawaru
Qazlal
Sif Muna
Uskayaw
Vehumet

Shops:
D:1 (   D:9 :   D:10 *   D:12 [

Annotations:
D:5 1 runed translucent door, Crazy Yiuf


Innate Abilities, Weirdness & Mutations

You have a pair of horns on your head.
You reflexively headbutt those who attack you in melee.
Your natural rate of healing is unusually fast.


Message History

You are too injured to fight recklessly!
You closely miss the skeletal warrior.
The skeletal warrior is moderately damaged.
The skeletal warrior hits you with a +0 scimitar!
You hit the skeletal warrior but do no damage.
Your headbutt misses the skeletal warrior.
The skeletal warrior is moderately damaged.
The skeletal warrior hits you with a +0 scimitar!
It was a potion of haste.
You feel yourself speed up.
The skeletal warrior hits you with a +0 scimitar.
* * * LOW HITPOINT WARNING * * *
You feel very mighty all of a sudden.
The skeletal warrior hits you with a +0 scimitar!
* * * LOW HITPOINT WARNING * * *
You hit the skeletal warrior.
Your headbutt misses the skeletal warrior.
The skeletal warrior is moderately damaged.
You hit the skeletal warrior.
Your headbutt misses the skeletal warrior.
The skeletal warrior is heavily damaged.
The skeletal warrior misses you.
You hit the skeletal warrior.
The skeletal warrior is heavily damaged.
You closely miss the skeletal warrior.
Your headbutt misses the skeletal warrior.
The skeletal warrior is heavily damaged.
The skeletal warrior hits you with a +0 scimitar!!
* * * LOW HITPOINT WARNING * * *
You hit the skeletal warrior. You headbutt the skeletal warrior.
The skeletal warrior is heavily damaged.
The skeletal warrior closely misses you.
You hit the skeletal warrior but do no damage.
You headbutt the skeletal warrior.
The skeletal warrior is severely damaged.
You hit the skeletal warrior.
Your headbutt misses the skeletal warrior.
The skeletal warrior is severely damaged.
The skeletal warrior hits you with a +0 scimitar!
You die...
Your body crumbles into a pile of gold.

...............#.......#..#..#
#########..#+###.#####.#+##..#
..#..#..'..#......)..#...#...#
..#..#..#..#.........#...#...#
###..#..#..#..#..#...#...#...#
..#.....#..#..'..#########...#
..#.....#..####..#.......#...#
..#.....#..+...).$.......#...#
..#.....#..#...z@#.......#...#
..##.##.#######+##########...#
......#..#...#.......#.......#
......#..#...#.......#.......#
......#..#...#.......#.......#
########.##..####....#..##...#
.......#..'..'..'........#...#
.......#..#..#..#........#...#
##############################


You could see a skeletal warrior.

Vanquished Creatures
  2 skeletal warriors (D:11)
  3 ugly things
  3 cyclopes (D:11)
  Joseph (D:9)
  A gargoyle (D:11)
  An unseen horror (D:11)
  A kobold demonologist (D:9)
  6 trolls
  5 slime creatures
  A wraith (D:11)
  15 yaks
  2 wyverns
  2 vampire mosquitoes (D:12)
  2 steam dragons
  6 orc warriors
  5 ice beasts
  2 sky beasts
  3 wolves (D:11)
  An ogre (D:6)
  11 centaurs
  3 kobold brigands
  A phantom (D:4)
  4 gnoll sergeants
  3 scorpions
  4 bullfrogs
  2 necrophages (D:5)
  14 wights
  8 killer bees
  4 electric eels (D:11)
  7 howler monkeys
  11 hounds
  A jelly (D:6)
  2 gnoll boudas (D:6)
  6 orc priests
  2 iguanas
  3 orc wizards
  Robin (D:2)
  36 gnolls
  7 adders
  A shadow imp (D:7)
  3 white imps
  A worm (D:2)
  A dart slug (D:3)
  44 orcs
  8 ball pythons
  3 endoplasms
  2 giant cockroaches (D:1)
  14 goblins
  5 hobgoblins
  2 jackals (D:5)
  3 quokkas
  5 bats
  3 frilled lizards
  25 kobolds
  5 rats
317 creatures vanquished.

Vanquished Creatures (others)
  A vampire (D:12)
  25 plants (D:6)
26 creatures vanquished.

Grand Total: 343 creatures vanquished

Notes
Turn   | Place    | Note
-------+----------+-------------------------------------------
     0 | D:1      | Anon1729 the Minotaur Monk began the quest for the Orb.
     0 | D:1      | Reached XP level 1. HP: 19/19 MP: 0/0
   103 | D:1      | Found Murruar's Antique Weapon Boutique.
   198 | D:1      | Reached XP level 2. HP: 26/27 MP: 1/1
   238 | D:1      | Reached skill level 1 in Armour
   583 | D:2      | Reached skill level 4 in Fighting
  1058 | D:2      | Identified the +2 helmet of Foolhardiness {rN+ Str+3 Dex+3
                  | SInv}
  1058 | D:2      | Noticed Robin
  1062 | D:2      | Reached XP level 3. HP: 33/33 MP: 2/2
  1078 | D:2      | Killed Robin
  1265 | D:2      | Found a faded altar of an unknown god.
  1551 | D:2      | Prayed at the altar of an unknown god.
  1551 | D:2      | Became a worshipper of Gozag Ym Sagoz the Greedy
  1727 | D:3      | Noticed a sky beast
  1739 | D:3      | Killed a sky beast
  1740 | D:3      | Reached XP level 4. HP: 35/41 MP: 3/3
  1740 | D:3      | Reached XP level 5. HP: 40/47 MP: 4/4
  1934 | D:3      | Found an opulent altar of Gozag.
  1935 | D:3      | Found an iron altar of Okawaru.
  2649 | D:4      | Reached skill level 5 in Fighting
  2649 | D:4      | Reached skill level 5 in Axes
  2800 | D:4      | Noticed a phantom
  2809 | D:4      | Killed a phantom
  2810 | D:4      | Reached XP level 6. HP: 43/56 MP: 5/5
  2956 | D:4      | Found a staircase to the Ecumenical Temple.
  2985 | D:4      | Reached skill level 5 in Dodging
  3387 | D:4      | You fall into a shaft and drop 1 floor!
  3387 | D:5      | Entered Level 5 of the Dungeon
  3414 | D:5      | Reached XP level 7. HP: 62/62 MP: 6/6
  3481 | D:5      | Reached skill level 6 in Fighting
  3828 | D:5      | Reached skill level 5 in Armour
  3852 | D:5      | Reached XP level 8. HP: 33/70 MP: 7/7
  4851 | D:5      | Found a runed translucent door.
  4852 | D:5      | Noticed Crazy Yiuf
  4934 | D:5      | Reached skill level 7 in Fighting
  4948 | D:5      | Found a sparkling altar of Nemelex Xobeh.
  4959 | D:5      | Found a blossoming altar of Fedhas.
  4960 | D:5      | Found a stormy altar of Qazlal.
  4961 | D:5      | Found a hide-covered altar of Uskayaw.
  6640 | D:6      | Reached skill level 8 in Fighting
  6640 | D:6      | Reached XP level 9. HP: 64/81 MP: 8/8
  6642 | D:6      | Paralysed by a gnoll for 5 turns
  8289 | D:9      | Found Fuumasup's Book Emporium.
  8298 | D:9      | Reached skill level 9 in Fighting
  8649 | D:9      | Identified the +1 whip "Xausavim" {speed, rCorr Int+2 Dex+4
                  | Stlth+}
  8674 | D:9      | Found an ancient bone altar of Kikubaaqudgha.
  8676 | D:9      | Found a radiant altar of Vehumet.
  8678 | D:9      | Found a shimmering blue altar of Sif Muna.
  8699 | D:9      | Noticed Joseph
  8699 | D:9      | Noticed a kobold demonologist
  8737 | D:9      | Gained mutation: Your natural rate of healing is unusually
                  | fast. [potion of mutation]
  8744 | D:9      | Killed a kobold demonologist
  8750 | D:9      | Reached XP level 10. HP: 13/91 MP: 9/9
  8757 | D:9      | Killed Joseph
  9090 | D:9      | Noticed a four-headed hydra
  9174 | D:8      | Reached skill level 10 in Fighting
  9174 | D:8      | Reached skill level 10 in Axes
 10172 | D:9      | Noticed a red ugly thing
 10273 | D:9      | Killed a red ugly thing
 10274 | D:9      | Reached skill level 10 in Armour
 10458 | D:10     | Entered Level 10 of the Dungeon
 10670 | D:10     | Reached skill level 10 in Dodging
 10739 | D:10     | Reached XP level 11. HP: 101/101 MP: 10/10
 10828 | D:10     | Found Citezo's General Store.
 10986 | D:10     | Noticed a boulder beetle
 10986 | D:10     | Noticed a green ugly thing
 11023 | D:10     | Killed a green ugly thing
 11026 | D:10     | Identified 2 scrolls of acquirement
 11026 | D:10     | Acquired the +0 pair of boots of Freezing Mirth {rElec}
 11027 | D:10     | Acquired a manual of Fighting
 11033 | D:10     | Reached skill level 11 in Fighting
 11184 | D:9      | HP: 5/102 [boulder beetle (13)]
 11405 | D:10     | Found a shadowy altar of Dithmenos.
 11444 | D:10     | Found a staircase to the Orcish Mines.
 11952 | D:11     | Found a staircase to the Lair.
 12061 | D:11     | Reached skill level 12 in Fighting
 12532 | D:11     | Found a hazy altar of Hepliaklqana.
 12552 | D:11     | Identified the +0 pair of boots of Voaggic {Rampage SInv}
 13233 | D:12     | Noticed a purple ugly thing
 13267 | D:11     | Killed a purple ugly thing
 13331 | D:12     | Found Vadanio's Antique Armour Shoppe.
 13389 | D:11     | Reached skill level 13 in Fighting
 13837 | D:12     | Noticed a skeletal warrior
 13870 | D:12     | Noticed a skeletal warrior
 13872 | D:12     | Noticed a skeletal warrior
 13872 | D:12     | Noticed a skeletal warrior
 13902 | D:11     | Killed a skeletal warrior
 13937 | D:12     | Reached XP level 12. HP: 108/115 MP: 11/11
 14072 | D:11     | Slain by a skeletal warrior

Illustrated notes

Levels and vault maps discovered:
D:1:      giann_forest_graveyard, layout_rooms, serial_shops,
          nicolae_shop_window_shopping
D:2:      layout_basic, shapermc_ecumenical_altar_pompeii, uniq_robin
D:3:      layout_loops_ring, gammafunk_temple_overflow_pools
D:4:      layout_cave_pools, temple_hall, hangedman_glass_teeth,
          minmay_misc_feat_more_columns
D:5:      layout_basic, minitemple, minmay_crystal_water,
          uniq_crazy_yiuf_cottage
D:6:      kennysheep_housing_project, layout_cave_pods
D:7:      layout_rooms, enter_ossuary_2
D:8:      layout_basic, minmay_misc_feat_encased
D:9:      layout_basic, grunt_temple_overflow_magic_moments, serial_shops,
          nicolae_stop_n_shop_1, kb_rosetta, uniq_joseph
D:10:     layout_basic, nicolae_overflow_hidden_temple, david_orc_5,
          chequers_serial_rivers_micro_d, nicolae_take_the_stairs, minivault_1
D:11:     layout_grid_maze, erik_lair_island, nicolae_hepliaklqana_hazy_memory
D:12:     layout_basic, serial_shops, nicolae_shop_statue_plus

Skill      XL: |  1  2  3  4  5  6  7  8  9 10 11 |
---------------+----------------------------------+-----
Armour         | 1 2 3 4 5 6 8 10 11 | 11.7
Fighting       | 4 5 6 8 9 10 13 | 13.6
Axes           | 4 5 6 8 9 10 12 | 12.3
Dodging        | 4 5 6 7 8 10 11 | 11.4
Stealth        | |  1.5

Action                     |  1- 3 |  4- 6 |  7- 9 | 10-12 || total
---------------------------+-------+-------+-------+-------++-------
  Melee: Hand axe          |    90 |   110 |   137 |       ||   337
         Headbutt          |    12 |    14 |    82 |   122 ||   230
         Punch             |       |     1 |     2 |     4 ||     7
         War axe           |       |       |   268 |   501 ||   769
 Invoke: Potion Petition   |       |       |     2 |     4 ||     6
  Evoke: Wand              |       |       |       |     7 ||     7
    Use: Potion            |       |       |    10 |     8 ||    18
         Scroll            |       |       |     7 |     5 ||    12
   Stab: Sleeping          |       |     1 |       |       ||     1
         Distracted        |       |     1 |     2 |     3 ||     6
 Armour: Scale mail        |    10 |       |       |       ||    10
         Robe              |     1 |       |       |       ||     1
         Ring mail         |    31 |    31 |    83 |       ||   145
         Chain mail        |       |       |   116 |   225 ||   341
         Skin              |       |       |       |    22 ||    22
  Dodge: Dodged            |    53 |    62 |   310 |   344 ||   769

Table legend: (Time is in decaauts)
 A = Elapsed time spent in this place.
 B = Non-inter-level travel time spent in this place.
 C = Inter-level travel time spent in this place.
 D = Time resting spent in this place.
 E = Time spent auto-exploring this place.
 F = Levels seen in this place.
 G = Mean time per level.
                   A        B        C        D        E       F      G
               +--------+--------+--------+--------+--------+-----+--------+
         Total |  14072 |  13400 |    672 |   1463 |   9415 |  12 | 1172.7 |
       Dungeon |  14072 |  13400 |    672 |   1463 |   9415 |  12 | 1172.7 |
               +--------+--------+--------+--------+--------+-----+--------+

Top non-repeatable levels by time:
    D:11: 1773 daAuts
     D:6: 1680 daAuts
     D:5: 1566 daAuts
     D:4: 1349 daAuts
     D:9: 1281 daAuts
     D:8: 1273 daAuts
     D:2: 1211 daAuts
    D:10: 1191 daAuts
     D:7: 903 daAuts
     D:3: 872 daAuts
    D:12: 543 daAuts
     D:1: 426 daAuts
